AoeStats
← chewie1706

African Clearing

506683567Analyzed
4v4 RM · 17d ago on Sep 14, 2026· 43m 29s· 8 players
Game mode
Random Map
Map size
Large (8 player)
Population
200
Speed
Normal
Resources
Standard
Victory
Conquest
Starting age
Dark Age
Ending age
Imperial Age
RankedLock teamsTeams togetherTeam positionsShared explorationLock speedFull tech treeHidden civsTurbo modeCheats
Victory
Defeat
🇫🇷 Goths · France
1582
+5
🇫🇷 Jurchens · France
1432
+9
🇫🇷 Burmese · France
1218
+17
🇫🇷 Gurjaras · France
1116
+21
🇨🇭 Spanish · Switzerland
1297
-14
🇨🇭 Vietnamese · Switzerland
1275
-13
🇨🇭 Saracens · Switzerland
1274
-13
🇨🇭 Portuguese · Switzerland
1244
-12
Theodosius IV
6:13 Loom
13:08 Feudal Age
13:52 Double-Bit Axe
20:01 Fletching
22:53 Padded Archer Armor
25:50 Castle Age
33:10 Bow Saw
32:51 Horse Collar
35:44 Wheelbarrow
n00b3n
12:33 Feudal Age
13:07 Loom
13:34 Double-Bit Axe
18:59 Castle Age
18:00 Fletching
18:51 Padded Archer Armor
19:45 Wheelbarrow
21:10 Crossbowman
30:38 Horse Collar
31:10 Bow Saw
30:52 Gold Mining
30:53 Stone Mining
33:45 Heavy Plow
36:34 Hand Cart
38:21 Stone Shaft Mining
39:41 Husbandry
39:51 Bloodlines
43:42 Scale Barding Armor
Stiffmaster_HCD
11:50 Loom
13:46 Feudal Age
14:31 Double-Bit Axe
18:48 Wheelbarrow
19:17 Fletching
19:28 Padded Archer Armor
24:49 Castle Age
25:34 Bodkin Arrow
25:55 Leather Archer Armor
25:02 Crossbowman
25:02 Elite Skirmisher
26:28 Thumb Ring
27:58 Bow Saw
27:30 Horse Collar
27:48 Gold Mining
32:40 Ballistics
33:04 Hand Cart
32:59 Stone Mining
35:58 Masonry
39:32 Imperial Age
39:51 Arbalester
40:57 Conscription
40:56 Scale Mail Armor
41:03 Scale Barding Armor
41:11 Elite Mameluke
42:15 Siege Engineers
42:10 Murder Holes
42:43 Bracer
43:13 Ring Archer Armor
05Night
10:46 Loom
14:10 Feudal Age
17:34 Castle Age
16:13 Double-Bit Axe
29:05 Fletching
31:47 Wheelbarrow
31:15 Horse Collar
33:14 Heavy Plow
34:14 Hand Cart
34:29 Scale Barding Armor
36:02 Chain Barding Armor
41:21 Imperial Age
38:54 Husbandry
39:05 Bloodlines
41:03 Forging
42:53 Bodkin Arrow
42:57 Elite Conquistador
chewie1706
6:46 Loom
14:02 Feudal Age
15:54 Double-Bit Axe
18:16 Castle Age
16:39 Horse Collar
19:09 Bow Saw
19:02 Heavy Plow
22:40 Fervor
24:09 Town Watch
25:43 Fervor
28:14 Stone Mining
30:04 Wheelbarrow
33:02 Imperial Age
30:52 Scale Mail Armor
31:02 Forging
31:42 Anarchy
32:15 Chain Mail Armor
32:02 Squires
33:00 Iron Casting
34:15 Conscription
33:56 Perfusion
33:51 Gold Mining
34:02 Fletching
36:16 Blast Furnace
35:39 Elite Huskarl
35:48 Pikeman
40:08 Crop Rotation
40:39 Two-Man Saw
41:27 Stone Shaft Mining
42:19 Bodkin Arrow
43:39 Bracer
44:02 Ballistics
44:43 Chemistry
43:38 Murder Holes
43:54 Masonry
Eras Mousse
8:16 Loom
11:18 Feudal Age
12:11 Double-Bit Axe
12:31 Town Watch
12:46 Horse Collar
25:14 Fletching
30:37 Castle Age
39:04 Wheelbarrow
38:57 Bow Saw
40:03 Heavy Plow
45:18 Imperial Age
42:29 Pikeman
AGS.ZefloneXx44
6:37 Loom
14:20 Feudal Age
15:28 Double-Bit Axe
16:56 Fletching
17:07 Padded Archer Armor
27:07 Castle Age
29:39 Crossbowman
42:43 Bow Saw
AGS.Pymp K-T
8:46 Loom
15:14 Feudal Age
19:16 Castle Age
18:45 Town Watch
19:01 Horse Collar
20:25 Heavy Plow
24:12 Wheelbarrow
26:58 Hand Cart
26:38 Town Watch
27:36 Gold Mining
32:54 Imperial Age
31:19 Gold Shaft Mining
30:52 Scale Barding Armor
30:41 Fletching
31:13 Fortified Wall
32:06 Scale Barding Armor
32:12 Forging
32:25 Town Patrol
32:31 Treadmill Crane
33:32 Bloodlines
33:23 Husbandry
33:21 Elite Battle Elephant
35:12 Husbandry
35:44 Chain Barding Armor
36:37 Iron Casting
37:00 Plate Barding Armor
39:10 Stone Mining
39:47 Howdah
40:21 Manipur Cavalry
41:09 Scale Mail Armor
41:53 Conscription
41:38 Light Cavalry
42:59 Iron Casting
42:26 Bodkin Arrow
43:05 Hussar
Connection lost

Rejoining the realm…

Still unreachable

The connection could not be restored.

Session expired

The server has moved on; the page needs a fresh start.